 Dungeon Crawl Stone Soup version 0.26-a0-188-ga22346179c (webtiles) character file.

Game seed: 14786734488563248734

56 Conn the Magician (level 3, 0/21 HPs)
             Began as an Octopode Hedge Wizard on July 4, 2020.
             Slain by a jackal (1 damage)
             ... on level 2 of the Dungeon.
             The game lasted 00:05:30 (3195 turns).

Conn the Magician (Octopode Hedge Wizard)           Turns: 3195, Time: 00:05:31

Health: 0/21       AC:  1    Str:  9    XL:     3   Next: 97%
Magic:  8/8        EV: 13    Int: 17    God:
Gold:   45         SH:  0    Dex: 11    Spells: 2/10 levels left

rFire    . . .     SeeInvis .   j - +0 short sword
rCold    . . .     Faith    +   (no shield)
rNeg     . . .     Spirit   .   a - +0 hat
rPois    .         Reflect  .   m - amulet of faith
rElec    .         Harm     .   (no ring)
rCorr    .                      (no ring)
MR       .....                  (no ring)
Stlth    +++.......             (no ring)
HPRegen  0.07/turn              (no ring)
MPRegen  0.11/turn              (no ring)
                                (no ring)
                                (no ring)

@: no status effects
A: almost no armour, stealthy swim, amphibious, 8 rings, constrict 8, camouflage
1, gelatinous body 1
a: no special abilities


You were on level 2 of the Dungeon.
You were not hungry.

You visited 1 branch of the dungeon, and saw 3 of its levels.

You collected 45 gold pieces.

Inventory:

Hand Weapons
 h - a +0 dagger
 j - a +0 short sword (weapon)
Missiles
 d - 52 sling bullets
 l - 4 curare-tipped darts (quivered)
Armour
 a - a +0 hat (worn)
Jewellery
 m - an amulet of faith (around mantle)
Scrolls
 e - 2 scrolls of identify
 i - a scroll of immolation {unknown}
 k - a scroll of fog {unknown}
Potions
 f - a potion of brilliance
 o - a potion of haste {unknown}
Comestibles
 c - 2 rations


   Skills:
 + Level 0.2 Fighting
 + Level 0.5 Throwing
 + Level 2.2 Dodging
 + Level 3.0 Stealth
 + Level 4.0 Spellcasting
 + Level 1.4 Conjurations
 + Level 1.0 Summonings
 + Level 1.0 Translocations


You had 2 spell levels left.
You knew the following spells:

 Your Spells              Type           Power        Failure   Level  Hunger
a - Magic Dart            Conj           #...         9%          1    None
b - Blink                 Tloc           N/A          16%         2    ##.....
c - Call Imp              Summ           #.......     16%         2    ##.....
d - Conjure Flame         Conj/Fire      #.......     34%         3    ###....

Your spell library contained the following spells:

 Spells                   Type           Power        Failure   Level  Hunger
 Slow                     Hex            #.......     24%         2    ##.....
 Mephitic Cloud           Conj/Pois/Air  #.......     36%         3    ###....


Dungeon Overview and Level Annotations

Branches:
Dungeon (3/15)

Altars:
Ashenzari


Innate Abilities, Weirdness & Mutations

You cannot wear most types of armour.
You are very stealthy in the water. (Stealth+)
You are amphibious.
You can wear up to eight rings at the same time.
You can use your tentacles to constrict eight enemies at once.
Your skin changes colour to match your surroundings (Stealth+).
Your rubbery body absorbs attacks. (AC +1, EV +1)


Message History

You constrict the goblin. The goblin hits you with a +0 dagger.
You hit the goblin.
You kill the goblin!
The jackal bites you.
You barely miss the jackal. You grab the jackal.
You constrict the jackal, but do no damage.
The jackal bites you.
You hit the jackal but do no damage. You constrict the jackal.
The jackal barely misses you. The jackal closely misses you.
You hit the jackal.
The jackal is heavily wounded.
You constrict the jackal, but do no damage.
The jackal bites you.
* * * LOW HITPOINT WARNING * * *
You hit the jackal but do no damage.
The jackal is heavily wounded.
You constrict the jackal. The jackal bites you.
* * * LOW HITPOINT WARNING * * *
The jackal bites you.
You die...

####.#.##.# #.# #....#......#.#
#.#.##.# #.# #.#.........#.#
#...##.####.####.#..#.####.#.#
###.####..#......#.#..#....#.#.#
#...# ##.#......#.#..####.#.#.#
#...#####.#......#.#.......[.#.#
##................#.#.......(.#.#
......##.##.##'####.#..........).
.####.##)##....h@...#............
......##(###...################.#
#.....##.###...#<.# #.#
#.....##.......##'##### #.#
#...........#..)......# #.#
............+.........# #.#
........(...#.>.......# #.#
......################# #.#
......# #.#


You could see a jackal.

Vanquished Creatures
  A gnoll (D:1)
  An ooze (D:1)
  4 leopard geckos
  2 giant cockroaches (D:2)
  5 goblins
  3 hobgoblins
  A jackal (D:2)
  3 quokkas (D:2)
  5 bats
  4 frilled lizards
  5 kobolds
  3 rats
37 creatures vanquished.

Notes
Turn   | Place    | Note
-------+----------+-------------------------------------------
     0 | D:1      | Conn the Octopode Hedge Wizard began the quest for the Orb.
     0 | D:1      | Reached XP level 1. HP: 11/11 MP: 4/4
   579 | D:1      | Reached XP level 2. HP: 15/17 MP: 0/6
  1408 | D:2      | Reached XP level 3. HP: 9/21 MP: 6/8
  2089 | D:1      | Learned a level 2 spell: Blink
  2092 | D:1      | Learned a level 2 spell: Call Imp
  2096 | D:1      | Learned a level 3 spell: Conjure Flame
  2281 | D:2      | Found a shattered altar of Ashenzari.
  2468 | D:2      | Reached skill level 4 in Spellcasting
  3195 | D:2      | HP: 1/21 [jackal (3)]
  3195 | D:2      | Slain by a jackal

Illustrated notes

Levels and vault maps discovered:
D:1:      dpeg_arrival_court, layout_basic
D:2:      layout_basic, old_standard_altar
D:3:      layout_basic, lemuel_crystal_altar, trog_eyes_of_draining,
          tso_metal_star, chequers_arboretum

Skill      XL: |  1  2  3 |
---------------+----------+-----
Spellcasting   | 4 |  4.0
Stealth        | 3 |  3.0
Fighting       | |  0.2
Throwing       | |  0.5
Dodging        | |  2.2
Conjurations   | |  1.4
Summonings     | |  1.0
Translocations | |  1.0

Action                   || total
-------------------------++-------
Melee: Dagger            ||    21
       Constrict         ||    11
       Tentacles         ||     4
       Short sword       ||    18
Throw: Dart              ||     4
 Cast: Magic Dart        ||    75
  Use: Potion            ||     2
       Scroll            ||     3
 Stab: Sleeping          ||     2
  Eat: Chunk             ||     7
Armor: Skin              ||     5
Dodge: Dodged            ||    54

Table legend:
 A = Non-vault XP
 B = Vault XP
 C = Vault XP percentage of total XP
 D = Non-vault monster count
 E = Vault monster count
 F = Vault count percentage of total count
                 A         B        C        D         E       F
            +---------+---------+-------+---------+---------+-------
      Total |      81 |       0 |   0.0 |      37 |       0 |   0.0
            +---------+---------+-------+---------+---------+-------
        D:1 |      38 |       0 |   0.0 |      12 |       0 |   0.0
        D:2 |      43 |       0 |   0.0 |      25 |       0 |   0.0
            +---------+---------+-------+---------+---------+-------
